 Dungeon Crawl Stone Soup version 0.28-a0-687-gb91baff9cc (webtiles) character file.

Game seed: 1448603652878677212

87 khargal the Grave Robber (level 4, -2/33 HPs)
             Began as a Draconian Necromancer on Oct 19, 2021.
             Slain by an orc (3 damage)
             ... on level 3 of the Dungeon.
             The game lasted 00:11:25 (3268 turns).

khargal the Grave Robber (Draconian Necromancer)    Turns: 3268, Time: 00:11:25

Health: -2/33      AC:  8    Str: 10    XL:     4   Next: 28%
Magic:  0/8        EV: 12    Int: 16    God:
Gold:   111        SH:  0    Dex: 18    Spells: 7/9 levels left

rFire   . . .      SeeInvis .   c - +0 spear
rCold   . . .      Faith    .   (no shield)
rNeg    . . .      Spirit   .   (armour unavailable)
rPois   .          Reflect  .   (helmet restricted)
rElec   .          Harm     .   (no cloak)
rCorr   .          Rampage  .   g - +2 pair of gloves
Will    .....                   (no boots)
Stlth   +.........              (no amulet)
HPRegen 0.11/turn               b - +6 ring of dexterity
MPRegen 0.11/turn               (no ring)

@: confused
A: AC +5, unfitting armour, cold-blooded
a: no special abilities


You were on level 3 of the Dungeon.
You visited 1 branch of the dungeon, and saw 3 of its levels.

You collected 111 gold pieces.

Inventory:

Hand Weapons
 c - a +0 spear (weapon)
Armour
 g - a +2 pair of gloves (worn)
Jewellery
 b - a +6 ring of dexterity (left hand)
Scrolls
 e - a scroll of teleportation
 f - 5 scrolls of identify


   Skills:
 + Level 0.1 Fighting
 + Level 0.2 Polearms
 + Level 1.8 Dodging
 + Level 2.1 Stealth
 + Level 3.0 Spellcasting
 - Level 5.0 Necromancy


You had 7 spell levels left.
You knew the following spells:

 Your Spells              Type           Power      Damage    Failure   Level
a - Pain                  Necr           72%        1d7       2%          1
b - Animate Skeleton      Necr           36%        N/A       2%          1

Your spell library contained the following spells:

 Spells                   Type           Power      Damage    Failure   Level
 Vampiric Draining        Necr           9%         2d7       7%          3
 Animate Dead             Necr           9%         N/A       24%         4
 Inner Flame              Hex/Fire       2%         N/A       50%         3
 Agony                    Necr           18%        N/A       54%         5
 Cause Fear               Hex            1%         N/A       88%         4
 Discord                  Hex            1%         N/A       100%        8


Dungeon Overview and Level Annotations

Branches:
Dungeon (3/15)

Altars:


Innate Abilities, Weirdness & Mutations

Your plain brown scales are hard. (AC +5)
You cannot fit into any form of body armour.
You are cold-blooded and may be slowed by cold attacks.


Message History

* * * LOW HITPOINT WARNING * * *
The orc hits you but does no damage.
Unknown command.
You cannot move.
You cannot move.
You cannot move.
You cannot move.
You cannot move.
You cannot move.
You cannot move.
You cannot move.
You cannot move.
You cannot move.
An orc is nearby!
An orc is nearby!
An orc is nearby!
An orc is nearby!
An orc is nearby!
An orc is nearby!
There's something in the way.
Unknown command.
There's something in the way.
You miss something.
You feel less wooden.
Your +2 pair of gloves unmelds from your body.
The orc hits you but does no damage.
You hear some strange, mumbled words.
You are confused.
Something hits you but does no damage. The orc hits you but does no damage.
Unknown command.
Unknown command.
Unknown command.
Unknown command.
Unknown command.
Unknown command.
Unknown command.
Something hits you.
* * * LOW HITPOINT WARNING * * *
The orc hits you from afar with a +0 spear.
You die...

....#####.#.#...#.).#.####.#.<...
....#####..)..#...#.........)....
....##...(#.#...#.).#.####.......
.......##.#...#..#.####.........#
..........#.#.#.#### #...........
....#..####..##### #.####.#..##
.##.......#### #.# #.# #.#....
.####..#### #.# #.# #.##.##
.####..# #@#####.# #.# .#
.......# #.).....# .#
##.###.###########o..###
.......#...).†{...#.#.....#
##.#####.#####.^....#.###.# ##.#
#?.....>..# ...# #...........#
#### #.#.......#....
#<##.....###...#


You could see an orc.

Vanquished Creatures
  An adder (D:3)
  An ufetubus (D:3)
  4 dart slugs
  7 orcs
  6 bats
  6 endoplasms
  2 hobgoblins
  3 quokkas
  3 ball pythons
  4 frilled lizards
  6 goblins
  8 kobolds
  2 rats
53 creatures vanquished.

Vanquished Creatures (collateral kills)
  A hobgoblin (D:3)
1 creature vanquished.

Grand Total: 54 creatures vanquished

Notes
Turn   | Place    | Note
-------+----------+-------------------------------------------
     0 | D:1      | khargal the Draconian Necromancer began the quest for the
                  | Orb.
     0 | D:1      | Reached XP level 1. HP: 14/14 MP: 3/3
    42 | D:1      | Learned a level 1 spell: Animate Skeleton
   403 | D:1      | Reached XP level 2. HP: 18/20 MP: 1/5
  1273 | D:2      | Found a faded altar of an unknown god.
  1284 | D:2      | Reached XP level 3. HP: 21/26 MP: 1/6
  2763 | D:3      | Reached XP level 4. HP: 27/33 MP: 1/8
  3211 | D:3      | Reached skill level 5 in Necromancy
  3268 | D:3      | HP: 1/33 [something (3)]
  3268 | D:3      | Slain by an orc

Illustrated notes

Levels and vault maps discovered:
D:1:      lightli_arrival_quake, layout_basic, hangedman_decor_growths
D:2:      layout_loops_ring, hellmonk_ecumenical_altar_zigzags,
          hangedman_decor_opposing
D:3:      minmay_spotlight, layout_loops_cross

Skill      XL: |  1  2  3  4 |
---------------+-------------+-----
Stealth        | 2 |  2.1
Necromancy     | 5 |  5.0
Spellcasting   | 3 |  3.0
Fighting       | |  0.1
Polearms       | |  0.2
Dodging        | |  1.8

Action                   |  1- 3 |  4- 6 || total
-------------------------+-------+-------++-------
Melee: Spear             |    22 |    13 ||    35
       Tailslap          |     2 |     1 ||     3
 Cast: Pain              |    72 |    22 ||    94
       Animate Skeleton  |     8 |     6 ||    14
  Use: Scroll            |       |     3 ||     3
       Potion            |       |     1 ||     1
 Stab: Sleeping          |     3 |       ||     3
Armor: Skin              |     7 |    24 ||    31
Dodge: Dodged            |    21 |    10 ||    31

Table legend: (Time is in decaauts)
 A = Elapsed time spent in this place.
 B = Non-inter-level travel time spent in this place.
 C = Inter-level travel time spent in this place.
 D = Time resting spent in this place.
 E = Time spent auto-exploring this place.
 F = Levels seen in this place.
 G = Mean time per level.
                   A        B        C        D        E       F      G
               +--------+--------+--------+--------+--------+-----+--------+
         Total |   3275 |   3141 |    134 |      2 |   2681 |   3 | 1091.7 |
       Dungeon |   3275 |   3141 |    134 |      2 |   2681 |   3 | 1091.7 |
               +--------+--------+--------+--------+--------+-----+--------+

Top non-repeatable levels by time:
     D:2: 1178 daAuts
     D:1: 1154 daAuts
     D:3: 942 daAuts
